 Dungeon Crawl Stone Soup version 0.25.0-1-g7eea58d2a3 (console) character file.

Game seed: 11933783975019276349

30 AlterAsc the Insei (level 3, -3/23 HPs)
             Began as an Octopode Transmuter on June 14, 2020.
             Engulfed by a cloud of steam (7 damage)
             ... on level 2 of the Dungeon.
             The game lasted 00:03:55 (1560 turns).

AlterAsc the Insei (Octopode Transmuter)            Turns: 1560, Time: 00:03:56

Health: -3/23      AC:  1    Str: 10    XL:     3   Next: 20%
Magic:  6/6        EV: 28    Int: 15    God:
Gold:   92         SH:  0    Dex: 12    Spells: 0/6 levels left

rFire    . . .     SeeInvis .     - Unarmed
rCold    . . .     Gourm    .   (no shield)
rNeg     . . .     Faith    .   (helmet restricted)
rPois    .         Spirit   .   b - amulet of the acrobat (curse)
rElec    .         Reflect  .   (no ring)
rCorr    .         Harm     .   (no ring)
MR       .....                  (no ring)
Stlth    +++.......             (no ring)
HPRegen  0.07/turn              (no ring)
MPRegen  0.10/turn              (no ring)
                                (no ring)
                                (no ring)

@: acrobat
A: almost no armour, stealthy swim, amphibious, 8 rings, constrict 8, camouflage
1, gelatinous body 1
a: no special abilities


You were on level 2 of the Dungeon.
You were not hungry.

You visited 1 branch of the dungeon, and saw 2 of its levels.

You collected 92 gold pieces.

Inventory:

Missiles
 a - 40 arrows
Jewellery
 b - a cursed amulet of the acrobat (around mantle)
Scrolls
 d - a scroll of enchant weapon {unknown}
 h - a scroll of remove curse {unknown}
 i - a scroll of noise {unknown}
 j - a scroll of identify {unknown}
 k - a scroll of enchant armour {unknown}
 m - a scroll of teleportation {unknown}
Potions
 e - a potion of curing {unknown}
 g - a potion of heal wounds {unknown}
 l - a potion of haste {unknown}
 n - 2 potions of mutation {unknown}
Comestibles
 c - 5 rations
 f - 2 chunks of flesh


   Skills:
 + Level 1.6 Fighting
 - Level 2.0 Dodging
 + Level 3.3 Unarmed Combat
 - Level 2.0 Spellcasting
 * Level 2.9 Transmutations


You couldn't memorise any spells.
You knew the following spells:

 Your Spells              Type           Power        Failure   Level  Hunger
a - Beastly Appendage     Tmut           ##....       7%          1    #......
b - Sticks to Snakes      Tmut           ##......     10%         2    ###....
c - Spider Form           Tmut/Pois      #.........   36%         3    ###....

Your spell library contained the following spells:

 Spells                   Type           Power        Failure   Level  Hunger
 Ice Form                 Ice/Tmut       #.......     77%         4    #####..
 Blade Hands              Tmut           ##........   88%         5    ######.


Dungeon Overview and Level Annotations

Branches:
Dungeon (2/15)

Altars:


Innate Abilities, Weirdness & Mutations

You cannot wear most types of armour.
You are very stealthy in the water. (Stealth+)
You are amphibious.
You can wear up to eight rings at the same time.
You can use your tentacles to constrict eight enemies at once.
Your skin changes colour to match your surroundings (Stealth+).
Your rubbery body absorbs attacks. (AC +1, EV +1)


Message History

Really walk into a travel-excluded area?
Okay, then.
Press: ? - help, v - describe, . - travel Some shallow water.
There is a cloud of steam here.
Really swim into a travel-excluded area?
Okay, then.
Really swim into a travel-excluded area?
Really swim into a travel-excluded area?
Why would you want to do that?
Unknown command.
Really swim into a travel-excluded area?
Really swim into a travel-excluded area?
You are engulfed in a cloud of scalding steam.
Why would you want to do that?
You are engulfed in a cloud of scalding steam.
Ouch! That really hurt!
* * * LOW HITPOINT WARNING * * *
You are engulfed in a cloud of scalding steam.
You die...

#### #≈≈### ##≈§≈≈#
#≈§§≈# ##### ###
###@## ....#####.#
##§# .......#..# ###§#
.......#.## #≈≈##
.......#.######≈######
.......#.....≈≈≈≈≈...#
.........#....≈≈≈....#
........###(.......#.#
...[............###..#


There were no monsters in sight!

Vanquished Creatures
  2 giant cockroaches
  5 goblins
  4 hobgoblins
  A jackal (D:2)
  5 bats
  3 frilled lizards
  4 kobolds
  5 rats
29 creatures vanquished.

Vanquished Creatures (others)
  2 jackals (D:2)
  A kobold (D:2)
3 creatures vanquished.

Grand Total: 32 creatures vanquished

Notes
Turn   | Place    | Note
-------+----------+-------------------------------------------
     0 | D:1      | AlterAsc the Octopode Transmuter began the quest for the
                  | Orb.
     0 | D:1      | Reached XP level 1. HP: 13/13 MP: 3/3
   430 | D:1      | Reached XP level 2. HP: 14/18 MP: 5/5
  1205 | D:2      | Reached XP level 3. HP: 22/23 MP: 4/6
  1282 | D:2      | Learned a level 2 spell: Sticks to Snakes
  1286 | D:2      | Learned a level 3 spell: Spider Form
  1560 | D:2      | Engulfed by a cloud of steam

Illustrated notes

Levels and vault maps discovered:
D:1:      dpeg_arrival_lava_altar, layout_loops_cross
D:2:      layout_rooms, lemuel_another_geyser

Action                   || total
-------------------------++-------
Melee: Unarmed           ||    62
       Constrict         ||    16
       Kick              ||     6
       Tentacles         ||     7
       Punch             ||     1
 Cast: Beastly Appendage ||    19
 Stab: Sleeping          ||     7
  Eat: Chunk             ||     2
Armor: Skin              ||     8
Dodge: Dodged            ||    45
